3AAA
BALBOA BUCCANEERS @ GRYFINDOR BRAVES
07/30/2021
 
TOP OF THE 1ST
Balboa Buccaneers batting - Pitching for Gryfindor Braves : RHP Jim Unknown
Pitching: RHP Jim Unknown
Batting: RHB Lane Hancock 0-0: Foul Ball, location: 2F
0-1: Ground out 5-3 (Groundball, 5L)
Batting: RHB Roy Childress 0-0: Foul Ball, location: 2F
0-1: Foul Ball, location: 2F
0-2: Foul Ball, location: 2F
0-2: Ball
1-2: Reached on error, E5 (Groundball, 5)
Batting: LHB Sergio Muńóz 0-0: Ball
1-0: Foul Ball, location: 2F
1-1: Ball
2-1: SINGLE (Line Drive, 6M)
Roy Childress to second
Batting: RHB Félix Rodríguez 0-0: Swinging Strike
0-1: SINGLE (Groundball, 6MD)
Roy Childress to third
Sergio Muńóz to second
Batting: RHB Kyle Myers 0-0: Called Strike
0-1: Foul Ball, location: 2F
0-2: Strikes out swinging
Batting: RHB Leonard James 0-0: Foul Ball, location: 2F
0-1: GRAND SLAM HOME RUN (Flyball, 7D), Distance : 372 ft
Batting: SHB Walt Smith 0-0: Foul Ball, location: 2F
0-1: Ground out 5-3 (Groundball, 56)
Top of the 1st over - 4 run(s), 3 hit(s), 1 error(s), 0 left on base; Balboa 4 - Gryfindor 0
BOTTOM OF THE 1ST
Gryfindor Braves batting - Pitching for Balboa Buccaneers : RHP John Dempsey
Pitching: RHP John Dempsey
Batting: LHB Nathan Tanner 0-0: SINGLE (Groundball, 56D) (infield hit)
Batting: RHB Matt Nelson 0-0: Grounds into double play, U6-3 (Groundball, 6M)
Batting: RHB António Martínez 0-0: Ball
1-0: Ball
2-0: Ball
3-0: Called Strike
3-1: Foul Ball, location: 2F
3-2: Base on Balls
Batting: RHB Rafael Arredondo 0-0: Called Strike
0-1: Ball
1-1: Ball
António Martínez steals 2nd base
2-1: Ball
3-1: Base on Balls
Batting: LHB Jim Unknown 0-0: Called Strike
0-1: Ball
1-1: Ball
2-1: Fly out, F7 (Popup, 78S)
Bottom of the 1st over - 0 run(s), 1 hit(s), 0 error(s), 2 left on base; Balboa 4 - Gryfindor 0
TOP OF THE 2ND
Balboa Buccaneers batting - Pitching for Gryfindor Braves : RHP Jim Unknown
Batting: RHB Jean Lemaire 0-0: Foul Ball, location: 2F
0-1: Ball
1-1: Ball
2-1: Foul Ball, location: 2F
2-2: Ground out 1-3 (Groundball, 13)
Batting: RHB Jeff Bass 0-0: Ball
1-0: Called Strike
1-1: Foul Ball, location: 2F
1-2: Strikes out swinging
Batting: RHB Lane Hancock 0-0: Ball
1-0: Ball
2-0: Ball
3-0: Called Strike
3-1: Fly out, F9 (Flyball, 89D)
Top of the 2nd over - 0 run(s), 0 hit(s), 0 error(s), 0 left on base; Balboa 4 - Gryfindor 0
BOTTOM OF THE 2ND
Gryfindor Braves batting - Pitching for Balboa Buccaneers : RHP John Dempsey
Batting: SHB Jim Unknown 0-0: Ball
1-0: Fly out, F8 (Flyball, 8RM)
Batting: LHB Jim Unknown 0-0: Ground out 6-3 (Groundball, 6M)
Batting: RHB Jim Unknown 0-0: Called Strike
0-1: Ball
1-1: Foul Ball, location: 2F
1-2: Ball
2-2: Foul Ball, location: 2F
2-2: Strikes out swinging
Bottom of the 2nd over - 0 run(s), 0 hit(s), 0 error(s), 0 left on base; Balboa 4 - Gryfindor 0
TOP OF THE 3RD
Balboa Buccaneers batting - Pitching for Gryfindor Braves : RHP Jim Unknown
Now in RF: Jim Unknown
Batting: RHB Roy Childress 0-0: Called Strike
0-1: Ball
1-1: Foul Ball, location: 2F
1-2: Ball
2-2: Ball
3-2: Ground out 5-3 (Groundball, 5S)
Batting: LHB Sergio Muńóz 0-0: Ball
1-0: Ground out 4-3 (Groundball, 4)
Batting: RHB Félix Rodríguez 0-0: Called Strike
0-1: Ball
1-1: Foul Ball, location: 2F
1-2: Ball
2-2: Strikes out swinging
Top of the 3rd over - 0 run(s), 0 hit(s), 0 error(s), 0 left on base; Balboa 4 - Gryfindor 0
BOTTOM OF THE 3RD
Gryfindor Braves batting - Pitching for Balboa Buccaneers : RHP John Dempsey
Batting: RHB Jim Unknown 0-0: Called Strike
0-1: Ball
1-1: Ground out 6-3 (Groundball, 6)
Batting: LHB Nathan Tanner 0-0: Called Strike
0-1: Swinging Strike
0-2: Ball
1-2: Ball
2-2: Ball
3-2: Ground out 6-3 (Groundball, 6)
Batting: RHB Matt Nelson 0-0: Ball
1-0: SINGLE (Groundball, 56D)
Batting: RHB António Martínez 0-0: Called Strike
0-1: Called Strike
0-2: Ball
1-2: Ground out 6-3 (Groundball, 6)
Bottom of the 3rd over - 0 run(s), 1 hit(s), 0 error(s), 1 left on base; Balboa 4 - Gryfindor 0
TOP OF THE 4TH
Balboa Buccaneers batting - Pitching for Gryfindor Braves : RHP Jim Unknown
Batting: RHB Kyle Myers 0-0: Ball
1-0: Ground out 5-3 (Groundball, 5L)
Batting: RHB Leonard James 0-0: Foul Ball, location: 2F
0-1: SINGLE (Groundball, 34D)
Batting: SHB Walt Smith 0-0: Grounds into double play, 6-4-3 (Groundball, 6M)
Top of the 4th over - 0 run(s), 1 hit(s), 0 error(s), 0 left on base; Balboa 4 - Gryfindor 0
BOTTOM OF THE 4TH
Gryfindor Braves batting - Pitching for Balboa Buccaneers : RHP John Dempsey
Batting: LHB Jim Unknown 0-0: Foul Ball, location: 2F
0-1: Swinging Strike
0-2: Ball
1-2: SINGLE (Groundball, 34D)
Batting: LHB Jim Unknown 0-0: SINGLE (Groundball, 6M)
Jim Unknown to second
Batting: SHB Jim Unknown 0-0: Ball
1-0: Ball
2-0: Ball
3-0: Ground out 3-1 (Groundball, 34)
Jim Unknown to third
Jim Unknown to second
Batting: LHB Jim Unknown 0-0: Swinging Strike
0-1: Ball
1-1: Foul Ball, location: 2F
1-2: Strikes out swinging
Batting: RHB Jim Unknown 0-0: Ball
1-0: Swinging Strike
1-1: Foul Ball, location: 2F
1-2: Foul Ball, location: 2F
1-2: Strikes out swinging
Bottom of the 4th over - 0 run(s), 2 hit(s), 0 error(s), 2 left on base; Balboa 4 - Gryfindor 0
TOP OF THE 5TH
Balboa Buccaneers batting - Pitching for Gryfindor Braves : RHP Jim Unknown
Batting: RHB Jean Lemaire 0-0: Ball
1-0: Ground out 4-3 (Groundball, 13)
Batting: RHB Jeff Bass 0-0: Called Strike
0-1: Ball
1-1: Swinging Strike
1-2: Foul Ball, location: 2F
1-2: Ball
2-2: Foul Ball, location: 2F
2-2: Ground out 5-3 (Groundball, 5)
Batting: RHB Lane Hancock 0-0: Ball
1-0: Fly out, F3 (Popup, 3F)
Top of the 5th over - 0 run(s), 0 hit(s), 0 error(s), 0 left on base; Balboa 4 - Gryfindor 0
BOTTOM OF THE 5TH
Gryfindor Braves batting - Pitching for Balboa Buccaneers : RHP John Dempsey
Batting: RHB Jim Unknown 0-0: Ball
1-0: Called Strike
1-1: Ground out 5-3 (Groundball, 5S)
Batting: LHB Nathan Tanner 0-0: SINGLE (Groundball, 4M)
Batting: RHB Matt Nelson 0-0: Called Strike
0-1: Fielders Choice at 2nd, 4-6 (Groundball, 34)
Batting: RHB António Martínez 0-0: Ball
1-0: Ball
2-0: Foul Ball, location: 2F
2-1: Fly out, F6 (Popup, 56)
Bottom of the 5th over - 0 run(s), 1 hit(s), 0 error(s), 1 left on base; Balboa 4 - Gryfindor 0
TOP OF THE 6TH
Balboa Buccaneers batting - Pitching for Gryfindor Braves : RHP Jim Unknown
Batting: RHB Roy Childress 0-0: SINGLE (Groundball, 56)
Batting: LHB Sergio Muńóz 0-0: Ball
1-0: SINGLE (Groundball, 4M) (infield hit)
Roy Childress to second
Batting: RHB Félix Rodríguez 0-0: Ball
1-0: Foul Ball, location: 2F
1-1: Foul Ball, location: 2F
1-2: Strikes out swinging
Batting: RHB Kyle Myers 0-0: Swinging Strike
0-1: Foul Ball, location: 2F
0-2: Ball
1-2: Strikes out swinging
Batting: RHB Leonard James 0-0: Ball
1-0: Called Strike
1-1: Ball
2-1: Swinging Strike
2-2: Strikes out swinging
Top of the 6th over - 0 run(s), 2 hit(s), 0 error(s), 2 left on base; Balboa 4 - Gryfindor 0
BOTTOM OF THE 6TH
Gryfindor Braves batting - Pitching for Balboa Buccaneers : RHP John Dempsey
Batting: LHB Jim Unknown 0-0: Called Strike
0-1: Called Strike
0-2: Ground out U3 (Groundball, 3S)
Batting: LHB Jim Unknown 0-0: Called Strike
0-1: Ball
1-1: Fly out, F6 (Line Drive, 6MD)
Batting: SHB Jim Unknown 0-0: Fly out, F8 (Flyball, 8RS)
Bottom of the 6th over - 0 run(s), 0 hit(s), 0 error(s), 0 left on base; Balboa 4 - Gryfindor 0
TOP OF THE 7TH
Balboa Buccaneers batting - Pitching for Gryfindor Braves : RHP Jim Unknown
Batting: SHB Walt Smith 0-0: Foul Ball, location: 2F
0-1: Called Strike
0-2: Strikes out swinging
Batting: RHB Jean Lemaire 0-0: Foul Ball, location: 2F
0-1: Foul Ball, location: 2F
0-2: Ball
1-2: Ball
2-2: Foul Ball, location: 2F
2-2: Fly out, F6 (Line Drive, 6)
Batting: RHB Jeff Bass 0-0: Ball
1-0: Called Strike
1-1: Foul Ball, location: 2F
1-2: Ball
2-2: Foul Ball, location: 2F
2-2: Strikes out looking
Top of the 7th over - 0 run(s), 0 hit(s), 0 error(s), 0 left on base; Balboa 4 - Gryfindor 0
BOTTOM OF THE 7TH
Gryfindor Braves batting - Pitching for Balboa Buccaneers : RHP John Dempsey
Batting: LHB Jim Unknown 0-0: Ball
1-0: Ball
2-0: Ground out 4-3 (Groundball, 4)
Batting: RHB Jim Unknown 0-0: Swinging Strike
0-1: Ball
1-1: Ball
2-1: Ball
3-1: Called Strike
3-2: Strikes out swinging
Batting: RHB Jim Unknown 0-0: Swinging Strike
0-1: Ball
1-1: Swinging Strike
1-2: Foul Ball, location: 2F
1-2: Foul Ball, location: 2F
1-2: Foul Ball, location: 2F
1-2: Ball
2-2: Foul Ball, location: 2F
2-2: Ball
3-2: Ground out 6-3 (Groundball, 6M)
Bottom of the 7th over - 0 run(s), 0 hit(s), 0 error(s), 0 left on base; Balboa 4 - Gryfindor 0
TOP OF THE 8TH
Balboa Buccaneers batting - Pitching for Gryfindor Braves : RHP Jim Unknown
Batting: RHB Lane Hancock 0-0: Swinging Strike
0-1: Ground out 1-3 (Groundball, 15)
Batting: RHB Roy Childress 0-0: Called Strike
0-1: Ball
1-1: Ball
2-1: Ball
3-1: Ground out 1-3 (Groundball, 15)
Batting: LHB Sergio Muńóz 0-0: Ball
1-0: Ball
2-0: Called Strike
2-1: Called Strike
2-2: Foul Ball, location: 2F
2-2: Strikes out swinging
Top of the 8th over - 0 run(s), 0 hit(s), 0 error(s), 0 left on base; Balboa 4 - Gryfindor 0
BOTTOM OF THE 8TH
Gryfindor Braves batting - Pitching for Balboa Buccaneers : RHP John Dempsey
Batting: LHB Nathan Tanner 0-0: Ground out 6-3 (Groundball, 6)
Batting: RHB Matt Nelson 0-0: Foul Ball, location: 2F
0-1: Ball
1-1: Ball
2-1: Ball
3-1: Base on Balls
Batting: RHB António Martínez 0-0: Ball
1-0: Grounds into double play, 6-4-3 (Groundball, 6M)
Bottom of the 8th over - 0 run(s), 0 hit(s), 0 error(s), 0 left on base; Balboa 4 - Gryfindor 0
TOP OF THE 9TH
Balboa Buccaneers batting - Pitching for Gryfindor Braves : RHP Jim Unknown
Batting: RHB Félix Rodríguez 0-0: Fly out, F7 (Flyball, 78S)
Batting: RHB Kyle Myers 0-0: Called Strike
0-1: Ball
1-1: Ball
2-1: Ball
3-1: Base on Balls
Batting: RHB Leonard James 0-0: Swinging Strike
0-1: Ball
1-1: Ball
2-1: Foul Ball, location: 2F
2-2: Strikes out swinging
Pitching: LHP Zach Brown
Batting: SHB Walt Smith 0-0: Ball
1-0: Ground out 5-3 (Groundball, 5)
Top of the 9th over - 0 run(s), 0 hit(s), 0 error(s), 1 left on base; Balboa 4 - Gryfindor 0
BOTTOM OF THE 9TH
Gryfindor Braves batting - Pitching for Balboa Buccaneers : RHP John Dempsey
Batting: LHB Jim Unknown 0-0: Called Strike
0-1: Ball
1-1: Ball
2-1: Foul Ball, location: 2F
2-2: Foul Ball, location: 2F
2-2: Foul Ball, location: 2F
2-2: Foul Ball, location: 2F
2-2: Fly out, F7 (Flyball, 7LS)
Batting: LHB Jim Unknown 0-0: Fly out, F8 (Flyball, 8LM)
Batting: SHB Jim Unknown 0-0: SINGLE (Groundball, 56D)
Pitching: LHP Albert Lucas
Batting: LHB Jim Unknown 0-0: Foul Ball, location: 2F
0-1: Foul Ball, location: 2F
0-2: Ball
1-2: Ground out 1-3 (Groundball, 13S)
Bottom of the 9th over - 0 run(s), 1 hit(s), 0 error(s), 1 left on base; Balboa 4 - Gryfindor 0
This league is powered by Out of the Park Baseball, the baseball management simulation game for PC, Mac and Linux
Friday, January 22nd, 2016 - OOTP Baseball 16.9 Build 39